 Dungeon Crawl Stone Soup version 0.28.0-53-g5a82cb258f (webtiles) character file.

Game seed: 4784998376055614897

2765 cbfl8 the Cleaver (level 9, -25/117 HPs)
             Began as a Minotaur Berserker on Nov 21, 2022.
             Was an Elder of Trog.
             Killed from afar by Maggie (34 damage)
             ... with a bolt of fire
             ... on level 6 of the Dungeon.
             The game lasted 00:09:21 (7258 turns).

cbfl8 the Cleaver (Minotaur Berserker)              Turns: 7258, Time: 00:09:22

Health: -25/117    AC: 10    Str: 22    XL:     9   Next: 42%
Magic:  8/8        EV:  6    Int:  4    God:    Trog [****..]
Gold:   357        SH: 14    Dex: 14    Spells: 8/8 levels left

rFire   x . .      SeeInvis .   j - +0 war axe
rCold   + . .      Faith    .   s - +2 tower shield
rNeg    . . .      Spirit   .   r - +0 chain mail
rPois   .          Reflect  .   (helmet restricted)
rElec   .          Harm     .   (no cloak)
rCorr   .          Rampage  .   (no gloves)
Will    .....                   (no boots)
Stlth   ..........              (no amulet)
HPRegen 0.29/turn               k - ring of ice
MPRegen 0.11/turn               (no ring)

@: berserking, very quick
A: horns 2, retaliatory headbutt
a: Renounce Religion, Berserk, Trog's Hand, Brothers in Arms


You were on level 6 of the Dungeon.
You worshipped Trog.
Trog was greatly pleased with you.
You visited 1 branch of the dungeon, and saw 7 of its levels.

You collected 357 gold pieces.

Inventory:

Hand Weapons
 j - a +0 war axe (weapon)
Armour
 r - a +0 chain mail (worn)
 s - a +2 tower shield (worn)
Jewellery
 c - a +6 ring of dexterity
 d - an amulet of regeneration
 k - a ring of ice (left hand)
Wands
 h - a wand of charming (7)
 t - a wand of paralysis (11)
 u - a wand of iceblast (10)
Scrolls
 e - a scroll of magic mapping
 f - 2 scrolls of enchant armour
 i - a scroll of fog
 m - a scroll of immolation
 q - a scroll of noise
Potions
 a - a potion of attraction {unknown}
 b - a potion of heal wounds
 o - a potion of haste {unknown}


   Skills:
 * Level 6.9 Fighting
 * Level 10.7 Axes
 + Level 6.0 Armour
 * Level 5.3 Dodging
 + Level 1.5 Stealth
 + Level 3.1 Shields
 * Level 3.7 Evocations


You had 8 spell levels left.
You didn't know any spells.
Your spell library was empty.

Dungeon Overview and Level Annotations

Branches:
Dungeon (7/15)             Temple (0/1) D:6

Altars:
Vehumet

Annotations:
D:5 exclusion: statue
D:6 Maggie


Innate Abilities, Weirdness & Mutations

You have a pair of horns on your head.
You reflexively headbutt those who attack you in melee.


Message History

Key pressed, stopping explore.
No target in view!
You now have 357 gold pieces (gained 17).
You open the door.
There is an open door here.
An orc comes into view. It is wielding a +0 hand axe.
The orc shouts!
Maggie the Vainglorious comes into view.
She is wielding a +2 vorpal morningstar.
Maggie shouts!
There are monsters nearby!
Maggie says, "If you die in the Dungeon, but nobody's around to see it, does it really matter?"
There are monsters nearby!
There are monsters nearby!
You slash the orc!
You kill the orc!
Trog accepts your kill. Maggie gestures at you while chanting.
The bolt of fire hits you!!! The fire burns you terribly!
Ouch! That really hurt!
A red film seems to cover your vision as you go berserk!
You feel yourself moving faster!
You feel mighty!
Maggie points at you and mumbles some strange words.
The bolt of fire hits you!!! The fire burns you terribly!
* * * LOW HITPOINT WARNING * * *
You barely miss Maggie.
Maggie hits you with a +2 vorpal morningstar.
* * * LOW HITPOINT WARNING * * *
x2 You hit Maggie but do no damage.
Your headbutt misses Maggie. You block Maggie's attack.
You slash Maggie! Your headbutt misses Maggie.
Maggie is lightly wounded.
You block Maggie's attack.
You slash Maggie!
Maggie is heavily wounded.
Maggie mumbles some strange words.
You slash Maggie! Your headbutt misses Maggie.
Maggie is heavily wounded.
Maggie points at you and mumbles some strange words.
The bolt of fire hits you!! The fire burns you terribly!
You die...

#.....#...##...#
#.....######...#
#.....#....#...#
#.....#....#...#
.....#....#...#
#....#...#
#....#...#
+..@.#...#
#..@.#...#
##....#...#
#.....#...#
#.....#...#
#.....#...#
#.....'...#
#.....#...#
##....#...#
#....#...#


You could see Maggie.

Vanquished Creatures
  Eustachio (D:6)
  A black bear (D:5)
  2 orc warriors
  A sky beast (D:6)
  A necrophage (D:7)
  2 centaurs
  2 ogres
  8 scorpions
  A wyvern skeleton (D:6)
  A water moccasin zombie (D:5)
  A water moccasin skeleton (D:6)
  9 wights
  A centaur zombie (D:5)
  A jelly (D:6)
  3 orc priests
  A centaur skeleton (D:5)
  5 hounds
  5 iguanas
  2 orc wizards (D:4)
  Natasha (thrice) (D:4)
  Robin (D:4)
  7 adders
  3 gnolls (D:7)
  2 white imps
  3 worms
  6 dart slugs
  19 orcs
  7 bats
  13 endoplasms
  5 giant cockroaches
  14 goblins
  15 hobgoblins
  5 jackals (D:2)
  3 quokkas
  7 ball pythons
  4 kobolds
  6 rats
171 creatures vanquished.

Notes
Turn   | Place    | Note
-------+----------+-------------------------------------------
     0 | D:1      | cbfl8 the Minotaur Berserker began the quest for the Orb.
     0 | D:1      | Reached XP level 1. HP: 19/19 MP: 0/0
   188 | D:1      | Reached XP level 2. HP: 27/27 MP: 1/1
   274 | D:1      | Reached skill level 4 in Axes
   306 | D:1      | Found a faded altar of an unknown god.
  1092 | D:2      | Reached XP level 3. HP: 29/33 MP: 2/2
  1143 | D:2      | Reached ** piety under Trog
  1800 | D:2      | Reached XP level 4. HP: 39/41 MP: 3/3
  2185 | D:3      | Reached skill level 5 in Axes
  2264 | D:3      | Noticed a scorpion
  2270 | D:3      | Killed a scorpion
  2271 | D:3      | Reached XP level 5. HP: 47/47 MP: 4/4
  2761 | D:4      | Reached skill level 1 in Evocations
  2764 | D:4      | Reached skill level 6 in Axes
  3041 | D:3      | Reached XP level 6. HP: 42/54 MP: 5/5
  3327 | D:4      | Reached skill level 5 in Fighting
  3395 | D:4      | Noticed an orc warrior
  3408 | D:4      | Killed an orc warrior
  3409 | D:4      | Reached skill level 7 in Axes
  3409 | D:4      | Reached XP level 7. HP: 61/61 MP: 6/6
  3418 | D:4      | Reached *** piety under Trog
  3474 | D:4      | Noticed Natasha
  3478 | D:4      | Killed Natasha
  3486 | D:4      | Noticed Robin
  3499 | D:4      | Killed Robin
  3670 | D:4      | Noticed Natasha
  3674 | D:4      | Killed Natasha
  3776 | D:4      | Noticed Natasha
  3782 | D:4      | Killed Natasha
  3783 | D:4      | Reached skill level 8 in Axes
  4785 | D:5      | Entered Level 5 of the Dungeon
  4836 | D:5      | Reached XP level 8. HP: 35/69 MP: 7/7
  5145 | D:5      | Found a radiant altar of Vehumet.
  5233 | D:5      | Reached **** piety under Trog
  5234 | D:5      | Reached skill level 9 in Axes
  5406 | D:5      | You fall into a shaft and drop 2 floors!
  5412 | D:7      | Reached skill level 1 in Stealth
  5463 | D:7      | Reached skill level 5 in Armour
  5463 | D:7      | Reached skill level 1 in Shields
  5979 | D:6      | Noticed Eustachio
  5989 | D:6      | Killed Eustachio
  5990 | D:6      | Reached XP level 9. HP: 78/78 MP: 8/8
  6083 | D:6      | Reached skill level 10 in Axes
  6119 | D:6      | Reached skill level 5 in Dodging
  6297 | D:6      | Found a staircase to the Ecumenical Temple.
  7248 | D:6      | Noticed Maggie
  7258 | D:6      | Killed from afar by Maggie

Illustrated notes

Levels and vault maps discovered:
D:1:      dpeg_chamrin_arrival_tetris, layout_loops_ring,
          hellmonk_ecumenical_altar_pennies_from_heaven
D:2:      layout_basic, st_stairs_10, minmay_tetromino_t2
D:3:      layout_basic
D:4:      layout_basic, cheibrodos_sewer_entry_bend, minmay_increasing_density,
          uniq_natasha, uniq_robin
D:5:      layout_basic, vehumet_statue
D:6:      layout_gridville, minmay_temple_entry_crystal_x, uniq_maggie,
          uniq_eustachio
D:7:      layout_rooms

Skill      XL: |  1  2  3  4  5  6  7  8  9 |
---------------+----------------------------+-----
Axes           | 4 5 6 7 8 9 10 | 10.7
Fighting       | 4 5 6 |  6.9
Armour         | 3 4 5 6 |  6.0
Dodging        | 3 4 5 |  5.3
Evocations     | 1 2 3 |  3.7
Stealth        | 1 |  1.5
Shields        | 2 3 |  3.1

Action                   |  1- 3 |  4- 6 |  7- 9 || total
-------------------------+-------+-------+-------++-------
Melee: Hand axe          |    91 |    46 |       ||   137
       Headbutt          |    12 |    13 |    43 ||    68
       Punch             |     1 |       |       ||     1
       War axe           |       |    20 |   233 ||   253
Invok: Berserk           |       |     4 |     4 ||     8
  Use: Potion            |       |       |     6 ||     6
       Scroll            |       |       |     8 ||     8
 Stab: Sleeping          |     1 |       |       ||     1
Armor: Animal skin       |     2 |       |       ||     2
       Ring mail         |    21 |     9 |       ||    30
       Scale mail        |       |     6 |    18 ||    24
       Chain mail        |       |       |   109 ||   109
Dodge: Dodged            |    66 |    44 |    82 ||   192
Block: Tower shield      |       |       |   154 ||   154
